 Dungeon Crawl Stone Soup version 0.21-a0-498-g1b60429 (webtiles) character file.

27 Gorice the Skirmisher (level 2, -4/24 HPs)
             Began as a Demonspawn Wanderer on Nov 24, 2017.
             Slain by Natasha (9 damage)
             ... on level 2 of the Dungeon.
             The game lasted 00:03:35 (871 turns).

Gorice the Skirmisher (Demonspawn Wanderer)          Turns: 871, Time: 00:03:36

Health: -4/24      AC:  3    Str: 11    XL:     2   Next: 93%
Magic:  2/2        EV: 11    Int: 14    God:
Gold:   96         SH:  0    Dex: 12    Spells: 1/1 levels left

rFire    + . .     SeeInvis .   a - +2 spear
rCold    . . .     Gourm    .   (no shield)
rNeg     . . .     Faith    .   c - +0 robe
rPois    .         Spirit   .   (no helmet)
rElec    .         Reflect  .   (no cloak)
rCorr    .         Harm     .   (no gloves)
MR       .....                  (no boots)
Stlth    +.........             (no amulet)
HPRegen  0.08/turn              j - ring of protection from fire
MPRegen  0.08/turn              (no ring)

@: confused, heavily drained
A: rugged brown scales 1
a: no special abilities


You were on level 2 of the Dungeon.
You were not hungry.

You visited 1 branch of the dungeon, and saw 2 of its levels.

You collected 96 gold pieces.

Inventory:

Hand Weapons
 a - a +2 spear (weapon)
 d - a +0 dagger
Missiles
 Y - 36 stones (quivered)
Armour
 c - a +0 robe (worn)
Jewellery
 j - a ring of protection from fire (left hand)
Scrolls
 e - a scroll of fear {unknown}
 h - 3 scrolls of remove curse
 n - a scroll of random uselessness {unknown}
Potions
 b - 2 potions of lignification {!q}
 l - a potion of brilliance {unknown}
Comestibles
 f - 3 bread rations {!e}
 g - a chunk of flesh
 i - a meat ration {!e}
 m - a fruit


   Skills:
 - Level 3.0(1.4) Fighting
 * Level 2.7(1.1) Polearms
 - Level 1.0(0.0) Throwing
 - Level 1.0(0.0) Dodging
 - Level 2.6(1.1) Stealth
   Level 1.0(0.0) Evocations


You had one spell level left.
You didn't know any spells.

Dungeon Overview and Level Annotations

Branches:
Dungeon (2/15)

Altars:

Annotations:
D:2 Natasha


Innate Abilities, Weirdness & Mutations

You are partially covered in rugged brown scales. (AC +1, +3% HP)


Message History

You resist with significant effort.
Found a dark potion.
There is an open door here.
Natasha zaps a wand.
The puff of flame hits you! You resist.
It is a wand of flame (30).
Damage: 3 (max 3)
You start resting.
Attack whom?
Press: ? - help, Dir - move target cursor, f - Natasha
Aim: Natasha, carrying a wand of flame (30)
You reach to attack!
You hit Natasha.
Natasha is lightly wounded.
Natasha casts a spell at you. The magic dart hits you!
Damage: 7 (max 7) Attack whom?
Press: ? - help, Dir - move target cursor, f/p - Natasha
Aim: Natasha, carrying a wand of flame (30) (lightly wounded)
You reach to attack!
You closely miss Natasha.
Natasha is lightly wounded.
Natasha casts a spell at you. The magic dart hits you!
* * * LOW HITPOINT WARNING * * *
Damage: 7 (max 7)
You are too injured to fight recklessly!
You are too injured to fight recklessly!
You are too injured to fight recklessly!
You are too injured to fight recklessly!
You are too injured to fight recklessly!
You are too injured to fight recklessly!
You are too injured to fight recklessly!
Attack whom?
Press: ? - help, Dir - move target cursor, f/p - Natasha
Aim: Natasha, carrying a wand of flame (30) (lightly wounded)
You reach to attack!
You puncture Natasha!
Natasha is heavily wounded.
Natasha barely misses you.
Attack whom?
Press: ? - help, Dir - move target cursor, f/p - Natasha
Aim: Natasha, carrying a wand of flame (30) (heavily wounded)
You barely miss Natasha.
Natasha is heavily wounded.
Natasha claws you!
* * * LOW HITPOINT WARNING * * *
Damage: 7 (max 7) Unknown command.
It was a potion of ambrosia.
You are confused.
You feel invigorated. Natasha claws you!
You die...

.. #.# #. #.# #. #.#
######
.(##.##.#######.....#
..............'.....+
.###.#.#####.#.....#
#.......h.#.....#
##h######.#!....#
#.@# #.#.....# ##.##
#......h.. #..#
#......... ##.##
#......... #..# ##.#
... ## #.## ..
...###..##..
.........##.#


You could see Natasha.

Vanquished Creatures
  9 goblins
  4 hobgoblins (D:1)
  2 kobolds (D:1)
  A quokka (D:2)
  3 bats (D:1)
  A frilled lizard (D:1)
  3 rats (D:1)
23 creatures vanquished.

Notes
Turn   | Place    | Note
-------+----------+-------------------------------------------
     0 | D:1      | Gorice the Demonspawn Wanderer began the quest for the Orb.
     0 | D:1      | Gorice set off with: a +2 spear, 2 potions of lignification {!q}, a +0 robe, a +0 dagger, a bread ration {!e}
     0 | D:1      | Reached XP level 1. HP: 18/18 MP: 1/1
   155 | D:1      | Reached skill level 2 in Polearms
   155 | D:1      | Gained mutation: You are partially covered in rugged brown scales. (AC +1, +3% HP) [demonic ancestry]
   155 | D:1      | Reached XP level 2. HP: 14/24 MP: 2/2
   852 | D:2      | Noticed Natasha
   870 | D:2      | HP: 1/24 [Natasha (7)]
   871 | D:2      | Slain by Natasha

Vault maps used:
D:1:      minmay_arrival_open_corners
D:2:      uniq_natasha

Skill      XL: |  1 |
---------------+----+-----
Polearms       | 2 |  2.7
Fighting       | |  3.0
Throwing       | |  1.0
Dodging        | |  1.0
Stealth        | |  2.6
Evocations     | |  1.0

Action                   || total
-------------------------++-------
Melee: Spear             ||    60
  Use: Scroll            ||     2
       Potion            ||     1
 Stab: Sleeping          ||     8
Armor: Robe              ||     4
Dodge: Dodged            ||    13

Table legend:
 A = Spawn XP
 B = Non-spawn XP
 C = Spawn XP percentage of total XP
 D = Spawn monster count
 E = Non-spawn monster count
 F = Spawn count percentage of total count
 G = Total turns spent on level
                    A         B        C        D         E        F      G
               +---------+---------+-------+---------+---------+-------+---------
         Total |       0 |      39 |   0.0 |       0 |      23 |   0.0 |   871
               +---------+---------+-------+---------+---------+-------+---------
           D:1 |       0 |      35 |   0.0 |       0 |      21 |   0.0 |   728
           D:2 |       0 |       4 |   0.0 |       0 |       2 |   0.0 |   143
               +---------+---------+-------+---------+---------+-------+---------

Table legend:
 A = Turns spent in this place as a percentage of turns spent in the entire game.
 B = Non-inter-level travel turns spent in this place as a percentage of non-inter-level travel turns spent in the entire game.
 C = Inter-level travel turns spent in this place as a percentage of turns spent in this place.
 D = Turns resting spent in this place as a percentage of non-inter-level travel turns spent in this place.
 E = Turns spent auto-exploring this place as a percentage of non-inter-level travel turns spent in this place.
 F = Non-inter-level travel turns spent in this place divided by the number of levels of this place that you've seen.
                   A       B       C       D       E      F
               +-------+-------+-------+-------+-------+----------------------
         Total | 100.0 | 100.0 |   8.2 |   0.9 |  57.9 | 400.0
       Dungeon | 100.0 | 100.0 |   8.2 |   0.9 |  57.9 | 400.0
               +-------+-------+-------+-------+-------+----------------------

Vault maps used:
D:1:      minmay_arrival_open_corners
D:2:      uniq_natasha
